 Dungeon Crawl Stone Soup version 0.24.0-123-gd5b16e6ec5 (webtiles) character file.

Game seed: 675710366829538806, levelgen mode: deterministic

74 ReteAZ the Chopper (level 4, -9/28 HPs)
             Began as a Gargoyle Gladiator on Jan 1, 2020.
             Mangled by an ogre
             ... wielding a +0 giant club
              (14 damage)
             ... on level 3 of the Dungeon.
             The game lasted 00:01:45 (1287 turns).

ReteAZ the Chopper (Gargoyle Gladiator)             Turns: 1287, Time: 00:01:46

Health: -9/28      AC:  7    Str: 18    XL:     4   Next: 28%
Magic:  4/4        EV: 11    Int:  9    God:
Gold:   48         SH:  0    Dex: 11    Spells: 3/3 levels left

rFire    . . .     SeeInvis .   a - +0 war axe
rCold    . . .     Gourm    .   (no shield)
rNeg     + . .     Faith    .   b - +0 leather armour
rPois    ∞         Spirit   .   c - +0 helmet
rElec    +         Reflect  .   (no cloak)
rCorr    .         Harm     .   (no gloves)
MR       .....                  (no boots)
Stlth    +.........             (no amulet)
HPRegen  0.09/turn              (no ring)
MPRegen  0.09/turn              (no ring)

@: heavily drained
A: negative energy resistance 1, electricity resistance, unbreathing,
petrification resistance, rot immunity, AC +3
a: no special abilities


You were on level 3 of the Dungeon.
You were hungry.

You visited 1 branch of the dungeon, and saw 3 of its levels.

You collected 48 gold pieces.

Inventory:

Hand Weapons
 a - a +0 war axe (weapon)
Missiles
 d - 2 throwing nets (quivered)
Armour
 b - a +0 leather armour (worn)
 c - a +0 helmet (worn)
Jewellery
 i - an uncursed amulet of harm
Scrolls
 k - a scroll of blinking {unknown}
Potions
 e - a potion of invisibility {unknown}
 g - a potion of flight {unknown}
 j - 2 potions of curing {unknown}
 l - a potion of might {unknown}
Comestibles
 f - 5 rations
 h - 2 chunks of flesh


   Skills:
 + Level 3.0(1.6) Fighting
 * Level 3.7(2.3) Axes
 - Level 1.7(0.4) Throwing
 + Level 1.9(0.6) Armour
 - Level 2.4(1.0) Dodging


You had 3 spell levels left.
You didn't know any spells.
Your spell library was empty.

Dungeon Overview and Level Annotations

Branches:
Dungeon (3/15)

Altars:
Ashenzari
Makhleb
Uskayaw


Innate Abilities, Weirdness & Mutations

You are resistant to torment.
Your stone body is resilient. (AC +3)
You are immune to poison.
You resist negative energy. (rN+)
You are resistant to electric shocks. (rElec)
You can survive without breathing.
You are immune to petrification.
You are immune to rotting.


Message History

You are too injured to fight recklessly!
You are too injured to fight recklessly!
You are too injured to fight recklessly!
You are too injured to fight recklessly!
You are too injured to fight recklessly!
You are too injured to fight recklessly!
Unknown command.
A goblin comes into view. It is wielding a -2 dagger.
The goblin moves out of view.
You see here a dagger.
You see here a stone.
You see here a stone.
Throwing (i - inventory)
d - 3 throwing nets (quivered)
Press: ? - help, Shift-Dir - straight line, f - ogre
Aim: an ogre, wielding a +0 giant club You throw a throwing net.
The throwing net barely misses the ogre.
The ogre hits you with a +0 giant club!
Ouch! That really hurt!
You die...

### #.##....## .#
##(###.#......# .#
##...#.........(# ###.
## #...............+
..#S. .#
##...#g..########._.###
.#
##.###(##......#...#..
.########)#
#.(......######..
...g......# #.#O(...##
# .########## #.##@.[##
.##### #.##..## .....#
#.##.## ##.).## #.####
#.....# ..# ..........
.. ........#. ##...#..#
##..#..#


You could see an ogre and a goblin.

Vanquished Creatures
  2 adders (D:2)
  2 oozes
  2 leopard geckos
  A ball python (D:1)
  6 bats
  2 giant cockroaches
  3 goblins (D:1)
  5 hobgoblins
  4 jackals (D:1)
  A quokka (D:2)
  4 frilled lizards
  8 kobolds
  3 rats (D:1)
43 creatures vanquished.

Notes
Turn   | Place    | Note
-------+----------+-------------------------------------------
     0 | D:1      | ReteAZ the Gargoyle Gladiator began the quest for the Orb.
     0 | D:1      | Reached XP level 1. HP: 12/12 MP: 1/1
    86 | D:1      | Reached XP level 2. HP: 13/18 MP: 2/2
   127 | D:1      | Reached skill level 1 in Armour
   279 | D:1      | Reached XP level 3. HP: 22/22 MP: 3/3
   912 | D:2      | Reached XP level 4. HP: 17/27 MP: 4/4
   916 | D:2      | Found a hide-covered altar of Uskayaw.
  1056 | D:2      | Found a burning altar of Makhleb.
  1056 | D:2      | Noticed an Executioner
  1059 | D:2      | Noticed an orange demon
  1059 | D:2      | Noticed a neqoxec
  1233 | D:3      | Found a shattered altar of Ashenzari.
  1261 | D:3      | Noticed an ogre
  1287 | D:3      | Mangled by an ogre

Levels and vault maps discovered:
D:1:      psy_arrival_dodecagon, layout_basic
D:2:      layout_rooms, makhleb_altar_promises_db, marbit_many_paths,
          first_ration, minmay_misc_feat_hallway
D:3:      layout_loops_ring, fedhas_altar_3, nicolae_ashenzari_panopticon,
          hex_tiny

Skill      XL: |  1  2  3  4 |
---------------+-------------+-----
Axes           | 3 |  3.7
Armour         | 1 |  1.9
Fighting       | 3 |  3.0
Throwing       | |  1.7
Dodging        | |  2.4

Action                   |  1- 3 |  4- 6 || total
-------------------------+-------+-------++-------
Melee: War axe           |   124 |    29 ||   153
Throw: Throwing net      |       |     1 ||     1
  Eat: Chunk             |       |     1 ||     1
Armor: Leather armour    |    94 |     7 ||   101
Dodge: Dodged            |   124 |    26 ||   150
